 Dungeon Crawl Stone Soup version 0.29.1-1-gd02db69 (webtiles) character file.

Game seed: 7331191465757817023

132 Timinator the Ruffian (level 4, -9/35 HPs)
             Began as a Demigod Transmuter on Dec 18, 2022.
             Mangled by an ogre
             ... wielding a +0 giant spiked club
              (28 damage)
             ... on level 4 of the Dungeon.
             The game lasted 00:06:54 (2295 turns).

Timinator the Ruffian (Demigod Transmuter)          Turns: 2295, Time: 00:06:54

Health: -9/35      AC:  3    Str: 15    XL:     4   Next: 62%
Magic:  9/10       EV: 12    Int: 15    God:
Gold:   120        SH:  0    Dex: 14    Spells: 6/7 levels left

rFire   . . .      SeeInvis .     - Unarmed
rCold   . . .      Faith    .   (no shield)
rNeg    . . .      Spirit   .   a - +0 robe
rPois   .          Reflect  .   (helmet currently unavailable)
rElec   .          Harm     .   (no cloak)
rCorr   .          Rampage  .   b - +0 pair of gloves
Will    .....                   (boots currently unavailable)
Stlth   +.........              (no amulet)
HPRegen 0.11/turn               (no ring)
MPRegen 0.12/turn               (no ring)

@: appendages
A: horns 2, talons 2, high MP 1, forlorn, divine attributes
a: End Transformation


You were on level 4 of the Dungeon.
You had temporarily grown beastly horns and talons.
You visited 1 branch of the dungeon, and saw 3 of its levels.

You collected 120 gold pieces.

Inventory:

Armour
 a - a +0 robe (worn)
 b - a +0 pair of gloves (worn)
Scrolls
 c - a scroll of amnesia {unknown}
 e - a scroll of vulnerability {unknown}
 f - a scroll of enchant armour {unknown}
 g - 2 scrolls of noise {unknown}
 i - 2 scrolls of blinking
 j - a scroll of poison {unknown}
 k - a scroll of identify {unknown}
 l - a scroll of silence {unknown}
 m - a scroll of teleportation {unknown}
 o - a scroll of torment {unknown}
Potions
 d - a potion of magic {unknown}
 h - a potion of degeneration {unknown}
 n - 2 potions of curing {unknown}


   Skills:
 * Level 1.5 Fighting
 * Level 1.0 Armour
 * Level 2.5 Dodging
 + Level 3.2 Unarmed Combat
 + Level 2.2 Spellcasting
 * Level 2.8 Transmutations


You had 6 spell levels left.
You knew the following spells:

 Your Spells              Type           Power      Damage    Failure   Level
a - Beastly Appendage     Tmut           20%        N/A       7%          1

Your spell library contained the following spells:

 Spells                   Type           Power      Damage    Failure   Level
 Wereblood                Tmut           10%        N/A       10%         2
 Spider Form              Tmut/Pois      5%         N/A       36%         3
 Ice Form                 Ice/Tmut       5%         N/A       77%         4


Dungeon Overview and Level Annotations

Branches:
Dungeon (2/15)             Temple (0/1) D:4


Innate Abilities, Weirdness & Mutations

You have temporarily grown beastly horns and talons.
You have an increased reservoir of magic. (+10% MP)
You shall have no god before yourself.
Your divine heritage dramatically boosts your attributes as you level up.


Message History

You hit the hound.
The hound is lightly wounded.
The hound bites you but does no damage.
You hit the hound. Your kick misses the hound. Your headbutt misses the hound.
The hound is moderately wounded.
Your transformation is almost over.
The hound closely misses you. The hound bites you but does no damage.
You closely miss the hound. Your kick misses the hound.
The hound is moderately wounded.
The hound bites you but does no damage.
You hit the hound. You headbutt the hound!
You kill the hound!
Your Armour skill increases to level 1!
Items here: )))))))) [[ ††††††.
There is an open door here.
Your horns disappear.
Your talons disappear.
m - a scroll labelled GYOPEIT MANI
n - 2 amethyst potions You now have 120 gold pieces (gained 1).
o - a scroll labelled HIJESU XOOPH You see here a +0 spear.
There is a staircase to the Ecumenical Temple here.
There is an open door here.
There is an escape hatch in the floor here.
As you open the door, it creaks loudly!
An ogre comes into view. It is wielding a +0 giant spiked club.
The ogre shouts!
The ogre hits you with a +0 giant spiked club!
There is an open door, spattered with blood here.
Casting: Beastly Appendage (safe; 7% risk of failure)
Confirm with . or Enter, or press ? or * to list all spells.
You grow a pair of large bovine horns.
Your feet morph into talons.
The ogre closely misses you.
You hit the ogre.
The ogre is moderately wounded.
You hit the ogre. You claw the ogre.
The ogre is heavily wounded.
The ogre hits you with a +0 giant spiked club!!
Ouch! That really hurt!
You die...

######........
.....'...............#
.#####......(........#
.#......######.......#
.#......# #.......#
.#......## ##.......
.#.......# #....... #
.#####...####...####....
.....'...'>.....@O......
######...####...####.###
#...# #...# #...# #...#
#...# #...# ######...#
##### #........#
#........# ..#......#


You could see an ogre.

Vanquished Creatures
  A hound (D:4)
  An iguana (D:4)
  An orc wizard (D:4)
  Robin (D:4)
  An orc (D:4)
  2 endoplasms
  11 goblins
  4 hobgoblins
  4 quokkas
  6 ball pythons
  3 kobolds
  A rat (D:1)
36 creatures vanquished.

Notes
Turn   | Place    | Note
-------+----------+-------------------------------------------
     0 | D:1      | Timinator the Demigod Transmuter began the quest for the
                  | Orb.
     0 | D:1      | Reached XP level 1. HP: 15/15 MP: 5/5
   897 | D:1      | Reached XP level 2. HP: 4/22 MP: 7/7
  1394 | D:2      | Reached skill level 1 in Fighting
  1509 | D:2      | You fall into a shaft and drop 2 floors!
  1627 | D:4      | Reached XP level 3. HP: 28/28 MP: 6/8
  1665 | D:4      | Reached skill level 3 in Unarmed Combat
  1975 | D:4      | Noticed Robin
  1986 | D:4      | Found a staircase to the Ecumenical Temple.
  2028 | D:4      | Reached XP level 4. HP: 23/35 MP: 9/9
  2036 | D:4      | Killed Robin
  2225 | D:4      | Reached skill level 1 in Armour
  2291 | D:4      | Noticed an ogre
  2295 | D:4      | Mangled by an ogre

Illustrated notes

Levels and vault maps discovered:
D:1:      minmay_arrival_wavy_path, layout_rooms
D:2:      layout_loops_cross, ebering_ecumenical_altar_rust
D:4:      layout_basic, minmay_temple_entry_tees, serial_shops, shop_fountains,
          kennysheep_nondescript, uniq_natasha, uniq_robin,
          uniq_crazy_yiuf_cottage

Skill      XL: |  1  2  3  4 |
---------------+-------------+-----
Transmutations | 2 |  2.8
Dodging        | 2 |  2.5
Fighting       | 1 |  1.5
Spellcasting   | 2 |  2.2
Unarmed Combat | 3 |  3.2
Armour         | 1 |  1.0

Action                   |  1- 3 |  4- 6 || total
-------------------------+-------+-------++-------
Melee: Unarmed           |    93 |    23 ||   116
       Kick              |    17 |     4 ||    21
       Headbutt          |     5 |     3 ||     8
       Punch             |     3 |       ||     3
 Cast: Beastly Appendage |    16 |     4 ||    20
  Use: Scroll            |     1 |       ||     1
       Potion            |     1 |       ||     1
Armor: Robe              |    14 |     6 ||    20
       Skin              |     5 |       ||     5
Dodge: Dodged            |    57 |     9 ||    66
